 Dungeon Crawl Stone Soup version 0.16.2-12-gd0ad4c3 (webtiles) character file.

12958 tognito the Cleaver (level 11, -4/104 HPs)
             Began as a Minotaur Berserker on Oct 8, 2015.
             Was a High Priest of Trog.
             Engulfed by a cloud of freezing vapour (5 damage)
             ... in an ice cave.
             The game lasted 00:33:47 (9347 turns).

tognito the Cleaver (Minotaur Berserker)            Turns: 9347, Time: 00:33:48

Health: -4/104     AC: 15    Str: 30    XL:     11   Next: 69%
Magic:  11/11      EV: 11    Int:  4    God:    Trog [*****.]
Gold:   419        SH:  0    Dex: 11    Spells: 0 memorised, 15 levels left

rFire  . . .     SeeInvis .     b - +1 hunting sling
rCold  . . .     Clarity  .     o - +1 chain mail
rNeg   . . .     SustAb   .     (no shield)
rPois  .         Gourm    .     (helmet unavailable)
rElec  .         Spirit   .     (no cloak)
rCorr  .         Warding  .     t - +2 pair of gloves
rMut   .         Rnd*Tele +     (no boots)
MR     .....                    (no amulet)
Stlth  ..........               g - +6 ring of strength
                                K - ring of teleportation

@: not resistant to hostile enchantments, extremely unstealthy
A: retaliatory headbutt, horns 3
a: Burn Spellbooks, Berserk, Trog's Hand, Brothers in Arms, Renounce Religion,
Evoke Teleportation


You were in an ice cave.
You worshipped Trog.
Trog was extremely pleased with you.
You were not hungry.

You visited 1 branch of the dungeon, and saw 10 of its levels.
You also visited: Ice Cave.

You collected 419 gold pieces.

Inventory:

Hand weapons
 a - the +9 hand axe "Impbane" {pain, Dex+4}
   (You found it on level 6 of the Dungeon)

   In the hands of one skilled in necromantic magic, it inflicts extra damage on
   living creatures.
   It affects your dexterity (+4).
 b - a +1 hunting sling (weapon)
 u - a +2 battleaxe of freezing
 I - a +3 longbow of freezing
 M - a +0 hand crossbow of freezing
Missiles
 h - 77 bolts
 i - 15 sling bullets
 q - 7 tomahawks
 x - 142 arrows
 D - 6 silver sling bullets
 F - 4 poisoned arrows
 H - 6 sling bullets of flame (quivered)
 L - 25 arrows of frost
Armour
 m - a +2 hat
 o - a +1 chain mail (worn)
 t - a +2 pair of gloves (worn)
 R - a +0 plate armour
Jewellery
 d - an uncursed ring of protection from fire
 g - a +6 ring of strength (right hand)
 K - a ring of teleportation (left hand)
 O - a +4 ring of dexterity {unknown}
 V - an uncursed ring of fire {unknown}
Magical devices
 l - a wand of fireball (4)
 p - a wand of fireball (5)
 r - a wand of frost (25)
 s - a wand of draining (5)
 v - a wand of frost (21)
 G - a wand of lightning (6)
 N - a wand of polymorph (9)
 P - a wand of enslavement (6)
 Q - a wand of cold (8)
 S - a wand of slowing (25)
Scrolls
 e - 2 scrolls of magic mapping
 f - 4 scrolls of teleportation
 j - 3 scrolls of fog
 k - 2 scrolls of fear
 y - 3 scrolls of identify
 C - a scroll of remove curse
 U - a scroll of enchant weapon
Potions
 z - 2 potions of resistance
 A - a potion of haste
 E - a potion of berserk rage
 J - a potion of might
Miscellaneous
 T - a sack of spiders
Comestibles
 c - 12 bread rations
 w - 3 royal jellies
 B - 7 beef jerkies


   Skills:
 * Level 11.8 Fighting
 * Level 12.1 Axes
 + Level 9.9 Slings
 + Level 9.0 Armour
 + Level 6.5 Dodging
 + Level 3.7 Stealth
 + Level 2.5 Spellcasting


You had 15 spell levels left.
You didn't know any spells.

Dungeon Overview and Level Annotations

Branches:
Dungeon (12/15)            Temple (0/1) D:6
   Lair: D:8-11         Orc: D:9-12

Altars:
Ashenzari
Dithmenos
Kikubaaqudgha
Nemelex Xobeh
Sif Muna
Trog
Xom
Zin

Shops:
D:4 *   D:7 *


Innate Abilities, Weirdness & Mutations

You reflexively headbutt those who attack you in melee.
You have a pair of large horns on your head.


Message History

Really walk into that cloud of freezing vapour?
Okay, then.
Unknown command.
Unknown command.
You are engulfed in freezing vapours.
You are engulfed in freezing vapours.
You are engulfed in freezing vapours.
You are engulfed in freezing vapours.
* * * LOW HITPOINT WARNING * * *
You are engulfed in freezing vapours.
* * * LOW HITPOINT WARNING * * *
There is an ice covered gate leading back out of this place here.
Eat which item? (? for menu, Esc to quit)
You continue eating. x2
You finish eating.
That meat ration really hit the spot!
You start resting.
You are engulfed in freezing vapours.
* * * LOW HITPOINT WARNING * * *
You are engulfed in freezing vapours.
You die...

###...##...########.#.⌠.####
###...##...##...#..#.###.###≈≈
###....##########..#..#######≈≈≈
#.....## #..#####.≈≈#≈≈≈##
#....## ##..##..≈#≈≈≈≈##
###...## ###...##≈≈≈#≈≈##
##...#### #####≈≈≈####≈≈
####....####### #≈≈#≈≈≈≈ ###
##.#.##..§#§§§@# ≈≈≈≈≈≈≈≈≈###.
##.#.#####§§§§### ≈≈≈≈≈≈####..
#[#.#[# ###### ≈#≈≈## ###.
##.#.## ≈≈# ##... ##.## #..##
### ##...# ##..### #.....#
#.####.


There were no monsters in sight!

Vanquished Creatures
  A frost giant (IceCv)
  Harold (D:12)
  A death yak (IceCv)
  An ugly thing (D:12)
  A two-headed ogre (D:8)
  11 polar bears (IceCv)
  Prince Ribbit (D:8)
  6 yaks (IceCv)
  Grum (D:8)
  A hippogriff (D:12)
  19 wolves
  Menkaure (D:6)
  2 orc warriors (D:6)
  A black bear (D:12)
  The ghost of Turgon the Cudgeler, an average OgSk (D:4)
  A wasp (D:8)
  10 ice beasts
  4 ogres
  A centaur (D:8)
  3 giant frogs
  A big kobold (D:8)
  A water moccasin skeleton (D:5)
  4 scorpions
  11 killer bees
  2 wights (D:6)
  A giant frog zombie (D:5)
  2 goliath beetles
  2 crimson imps
  A quasit (D:7)
  7 hounds
  4 jellies
  An iguana (D:6)
  5 orc wizards
  3 worker ants
  4 orc priests
  A worker ant zombie (D:6)
  Robin (D:3)
  A gnoll (D:2)
  A river rat (D:5)
  12 adders
  3 giant mites
  A shadow imp (D:5)
  2 worms
  An adder zombie (D:7)
  2 giant geckos
  3 oozes
  27 orcs
  8 bats
  7 giant cockroaches
  17 goblins
  13 hobgoblins
  5 jackals
  A ball python (D:1)
  A giant gecko skeleton (D:8)
  2 giant newts
  A jackal skeleton (D:4)
  16 kobolds
  3 quokkas
  11 rats
  2 plants (D:12)
259 creatures vanquished.

Vanquished Creatures (others)
  6 polar bears (IceCv)
  2 yaks (IceCv)
  A jelly (D:12)
  An adder (D:12)
10 creatures vanquished.

Grand Total: 269 creatures vanquished

Notes
Turn   | Place    | Note
--------------------------------------------------------------
     0 | D:1      | tognito, the Minotaur Berserker, began the quest for the Orb.
     0 | D:1      | Reached XP level 1. HP: 19/19 MP: 1/1
   176 | D:1      | Reached skill level 4 in Axes
   219 | D:1      | Reached XP level 2. HP: 27/27 MP: 1/1
   858 | D:2      | Reached XP level 3. HP: 27/34 MP: 2/2
  1167 | D:2      | Reached XP level 4. HP: 19/41 MP: 2/2
  1168 | D:2      | Reached skill level 5 in Fighting
  1408 | D:2      | Reached skill level 5 in Axes
  1818 | D:3      | Acquired Trog's second power
  1823 | D:3      | Noticed Robin
  1827 | D:3      | Reached XP level 5. HP: 48/48 MP: 2/2
  1836 | D:3      | Killed Robin
  1950 | D:3      | Reached skill level 8 in Fighting
  1950 | D:3      | Reached skill level 5 in Armour
  1950 | D:3      | Reached skill level 5 in Dodging
  1950 | D:3      | Reached XP level 6. HP: 52/62 MP: 2/8
  2497 | D:4      | Found a shadowy altar of Dithmenos.
  2545 | D:4      | Acquired Trog's first power
  2782 | D:4      | Found a deep blue altar of Sif Muna.
  2787 | D:4      | Found a bloodstained altar of Trog.
  2887 | D:4      | Found Vuraus' Assorted Antiques.
  2904 | D:4      | Noticed Turgon's ghost (average OgSk)
  2916 | D:4      | Killed Turgon's ghost
  3175 | D:4      | Reached XP level 7. HP: 67/69 MP: 8/8
  3189 | D:5      | Entered Level 5 of the Dungeon
  3265 | D:5      | Reached skill level 5 in Slings
  3423 | D:5      | Gained mutation: You have a pair of large horns on your head. [potion of beneficial mutation]
  4452 | D:6      | Reached skill level 9 in Fighting
  4452 | D:6      | Reached XP level 8. HP: 76/78 MP: 9/9
  4720 | D:6      | Got an iridescent hand axe
  4724 | D:6      | Identified the +9 hand axe "Impbane" {pain, Dex+4} (You found it on level 6 of the Dungeon)
  4847 | D:6      | Found a staircase to the Ecumenical Temple.
  5006 | D:6      | Noticed Menkaure
  5012 | D:6      | Killed Menkaure
  5561 | D:7      | Received a gift from Trog
  5667 | D:7      | Reached XP level 9. HP: 83/83 MP: 10/10
  5700 | D:7      | Found a shimmering altar of Xom.
  5898 | D:7      | Acquired Trog's third power
  5911 | D:7      | Found Rienesu's General Store.
  6084 | D:8      | Noticed Prince Ribbit
  6088 | D:8      | Killed Prince Ribbit
  6152 | D:8      | Noticed Grum
  6163 | D:8      | Killed Grum
  6163 | D:8      | Reached skill level 10 in Axes
  6426 | D:8      | Found an ancient bone altar of Kikubaaqudgha.
  6497 | D:8      | Received a gift from Trog
  6500 | D:8      | Found a sparkling altar of Nemelex Xobeh.
  6859 | D:8      | Found a glowing silver altar of Zin.
  7055 | D:8      | Reached XP level 10. HP: 85/92 MP: 11/11
  7164 | D:8      | You fall through a shaft for 3 floors!
  7339 | D:12     | Found a shattered altar of Ashenzari.
  7341 | D:12     | Noticed Harold
  7354 | D:12     | Killed Harold
  7354 | D:12     | Reached skill level 10 in Fighting
  7541 | D:12     | Noticed a cyan ugly thing
  7562 | D:12     | Killed a cyan ugly thing
  7755 | D:12     | Found a frozen archway.
  7826 | IceCv    | Entered an ice cave
  8038 | IceCv    | Reached XP level 11. HP: 76/101 MP: 11/11
  8183 | IceCv    | Reached skill level 11 in Axes
  8269 | IceCv    | Noticed a death yak
  8287 | IceCv    | Killed a death yak
  8317 | IceCv    | Noticed a frost giant
  8992 | IceCv    | Reached skill level 12 in Axes
  9123 | IceCv    | Killed a frost giant
  9296 | IceCv    | Received a gift from Trog
  9346 | IceCv    | HP: 1/104 [something (15)]
  9347 | IceCv    | Engulfed by a cloud of freezing vapour

Action                   |  1- 3 |  4- 6 |  7- 9 | 10-12 || total
-------------------------+-------+-------+-------+-------++-------
Melee: Hand axe          |    53 |    55 |   189 |   182 ||   479
 Fire: Hunting sling     |       |    66 |   208 |    33 ||   307
Invok: Berserk           |     1 |       |     1 |     2 ||     4
       Burn Spellbooks   |       |       |     2 |     2 ||     4
       Trog's Hand       |       |       |       |     1 ||     1
Evoke: Wand              |       |       |     1 |       ||     1
  Use: Scroll            |     6 |     5 |     7 |     4 ||    22
       Potion            |     3 |     6 |     4 |     3 ||    16
 Stab: Fleeing           |       |       |       |     2 ||     2
  Eat: Chunk             |     1 |     7 |    13 |     4 ||    25
       Meat ration       |       |       |       |     2 ||     2
